 Dungeon Crawl Stone Soup version 0.31-a0-175-g9f7f995f2b (webtiles) character file.

Game seed: 10705777200429840330

182 qw the Chopper (level 5, 0/32 HPs)
             Began as a Gargoyle Fighter on June 17, 2023.
             Killed by nerve-wracking pain
             ... invoked by an orc priest
              (2 damage)
             ... on level 4 of the Dungeon.
             The game lasted 00:01:30 (2803 turns).

qw the Chopper (Gargoyle Fighter)                   Turns: 2803, Time: 00:01:30

Health: 0/32       AC: 12    Str: 18    XL:     5   Next: 61%
Magic:  5/5        EV: 10    Int: 16    God:
Gold:   279        SH:  5    Dex: 15    Spells: 4/4 levels left

rFire   . . .        Y - +1 war axe (freeze)
rCold   + . .        c - +0 buckler
rNeg    + + .        j - +0 ring mail {rC+}
rPois   inf          (no helmet)
rElec   +            (no cloak)
rCorr   .            (no gloves)
SInv    .            l - +0 pair of boots "Divonoah" {rPois rN+ Dex+4}
Will    .....        i - amulet of regeneration
Stlth   +            (no ring)
HPRegen 1.05/turn    (no ring)
MPRegen 0.09/turn

%: no passive effects
@: about to teleport
A: sickness immunity, AC +4, negative energy resistance 1, electricity
resistance, torment resistance 1, petrification resistance, hooves 1, iridescent
scales 1, agile 1, clever 2
a: no special abilities


You were on level 4 of the Dungeon.
You visited 1 branch of the dungeon, and saw 4 of its levels.

You collected 279 gold pieces.


Innate Abilities, Weirdness & Mutations

You are immune to sickness and miasma.
Your stone body is resilient. (AC +4)
You are immune to poison.
You resist negative energy. (rN+)
You are resistant to electric shocks. (rElec)
You are resistant to unholy torment.
You are immune to petrification.
You have large cloven feet.
You are partially covered in iridescent scales. (AC +2)
You are agile. (Dex +4, Str/Int -1)
Your mind is very acute. (Int +8, Str/Dex -2)


   Skills:
 - Level 3.2 Fighting
 + Level 4.7 Axes
 - Level 3.2 Armour
 - Level 1.5 Dodging
 - Level 3.2 Shields


You had 4 spell levels left.
You didn't know any spells.
Your spell library was empty.

Inventory:

Hand Weapons
 o - a +0 flail
 Y - a +1 war axe of freezing (weapon)
Missiles
 a - 3 boomerangs (quivered)
Armour
 b - a +0 scale mail
 c - a +0 buckler (worn)
 j - a +0 ring mail of cold resistance (worn)
 l - the +0 pair of boots "Divonoah" (worn) {rPois rN+ Dex+4}
   (You found it on level 3 of the Dungeon)

   Dex:       It affects your dexterity (+4).
   rPois:     It protects you from poison.
   rN:        It protects you from negative energy.
Jewellery
 i - an amulet of regeneration (around neck)
 m - a ring of fire
Scrolls
 f - a scroll of identify
Potions
 d - 2 potions of might
 e - a potion of curing
 g - a potion of mutation
 h - a potion of heal wounds
 k - a potion of attraction {unknown}
 n - a potion of resistance {unknown}
 r - a potion of berserk rage {unknown}

Dungeon Overview and Level Annotations

Branches:
Dungeon (4/15)
 Temple: D:4-7

Altars:
Hepliaklqana
Makhleb

Annotations:
D:1 1 transporter


Message History

You hit the orc priest. You freeze the orc priest.
The orc priest is heavily wounded.
You hit the orc. You freeze the orc. You barely miss the orc.
The orc priest hits you but does no damage.
The orc hits you with a +0 hand axe. The orc barely misses you.
The orc closely misses you.
The orc priest hits you with a +0 dagger.
You block the orc's attack.
You hit the orc priest but do no damage.
The orc priest is heavily wounded.
You closely miss the orc. You hit the orc. You freeze the orc.
You kill the orc!
The orc priest misses you. You block the orc's attack.
You hit the orc priest but do no damage.
The orc priest is heavily wounded.
You hit the orc. You freeze the orc. You barely miss the endoplasm.
The orc priest barely misses you. The orc hits you but does no damage.
The endoplasm freezes you.
You are frozen.
You resist.
You hit the orc priest. You freeze the orc priest.
The orc priest is almost dead.
You hit the orc. You freeze the orc. You hit the endoplasm.
You freeze the endoplasm.
The orc priest mumbles some strange prayers to Beogh against you.
Beogh smites you! You block the orc's attack. You block the endoplasm's attack.
The orc priest hits you but does no damage.
You block the orc's attack.
The endoplasm hits you but does no damage.
You barely miss the orc priest.
The orc priest is almost dead.
You closely miss the orc. You slash the endoplasm! You freeze the endoplasm.
You kill the endoplasm!
The orc priest mumbles some strange prayers to Beogh against you.
Beogh smites you! You block the orc's attack.
2803 ||| READING scroll of teleportation.
As you read the scroll of teleportation, it crumbles to dust.
You feel strangely unstable.
The orc priest invokes the aid of Beogh against you.
Pain shoots through your body!
You die...

#.##....#..#.......#
'..#....'..#.......# ..
#.##....##+#.......# ...
###..........<..#####...
#...............#.......
#.....>.........#.......
................#.......
.#######........#o......
..... #........@o......
..... #........#).###..
##... #....#+###+## # ##
#....# #.... #...


You could see an orc priest and an orc.

Vanquished Creatures
  A hound (D:4)
  A gnoll (D:1)
  4 adders
  4 worms
  A dart slug (D:2)
  5 orcs
  6 endoplasms
  3 giant cockroaches
  13 goblins
  9 hobgoblins
  3 jackals (D:1)
  A quokka (D:3)
  7 ball pythons
  7 bats
  6 frilled lizards
  8 kobolds
  4 rats
83 creatures vanquished.

Notes
Turn   | Place    | Note
-------+----------+-------------------------------------------
     0 | D:1      | qw the Gargoyle Fighter began the quest for the Orb.
     0 | D:1      | Reached XP level 1. HP: 14/14 MP: 1/1
     0 | D:1      | 0 ||| qw: Version: 0.3-a-2-g5ab2908
     0 | D:1      | 0 ||| qw: Game counter: 160
     0 | D:1      | 0 ||| qw: Always use a shield: true
     0 | D:1      | 0 ||| qw: God list: Okawaru
     0 | D:1      | 0 ||| qw: Allow faded altars: false
     0 | D:1      | 0 ||| qw: Do Orc after D:15 true
     0 | D:1      | 0 ||| qw: Do second Lair branch before Depths: true
     0 | D:1      | 0 ||| qw: Lair rune preference: random
     0 | D:1      | 0 ||| qw: Plans: Normal, Zot:1-4, Slime:5, God:TSO, Crypt,
                  | Tomb, Abyss, Pan, Hells, Win
     0 | D:1      | 0 ||| PLANNING D:1-11
    94 | D:1      | 94 ||| Stepping ~*~*~tactically~*~*~ (hiding).
    96 | D:1      | 96 ||| Stepping ~*~*~tactically~*~*~ (hiding).
    97 | D:1      | 97 ||| Stepping ~*~*~tactically~*~*~ (hiding).
   104 | D:1      | Reached skill level 2 in Axes
   104 | D:1      | Reached XP level 2. HP: 19/19 MP: 2/2
   682 | D:1      | 682 ||| Stepping ~*~*~tactically~*~*~ (stealth).
   692 | D:1      | 692 ||| Stepping ~*~*~tactically~*~*~ (stealth).
   701 | D:1      | Reached skill level 3 in Axes
   945 | D:1      | 945 ||| UPGRADING to +0 ring mail of cold resistance.
   955 | D:1      | 955 ||| READING scroll labelled MUICAL BAESK.
   956 | D:1      | 956 ||| READING scroll labelled TYUROAL ICUENA.
   957 | D:1      | 957 ||| READING 2 scrolls labelled VUGHAE SEUF.
   958 | D:1      | 958 ||| READING scroll labelled CIEPTA REZOLL.
   959 | D:1      | 959 ||| DRINKING 2 fuming brown potions.
   960 | D:1      | 960 ||| DROPPING scroll of vulnerability.
   961 | D:1      | 961 ||| DROPPING potion of brilliance.
  1046 | D:2      | Reached XP level 3. HP: 21/23 MP: 3/3
  1326 | D:2      | 1326 ||| Stepping ~*~*~tactically~*~*~ (hiding).
  1327 | D:2      | 1327 ||| Stepping ~*~*~tactically~*~*~ (hiding).
  1336 | D:2      | 1336 ||| Stepping ~*~*~tactically~*~*~ (stealth).
  1339 | D:2      | 1339 ||| Stepping ~*~*~tactically~*~*~ (stealth).
  1500 | D:2      | Reached XP level 4. HP: 23/28 MP: 4/4
  1569 | D:2      | Reached skill level 4 in Axes
  1629 | D:2      | 1629 ||| Stepping ~*~*~tactically~*~*~ (hiding).
  1829 | D:2      | 1829 ||| UPGRADING to +0 pair of boots.
  1834 | D:2      | 1834 ||| READING 2 scrolls labelled UJELIO TACIH.
  1835 | D:2      | 1835 ||| DROPPING +0 club.
  1836 | D:2      | 1836 ||| READING scroll of brand weapon.
  1836 | D:2      | 1836 ||| BRANDING +1 war axe of flaming.
  1869 | D:2      | 1869 ||| READING scroll labelled LOALLE PIGIAQ.
  1869 | D:2      | Identified a scroll of acquirement
  1869 | D:2      | 1869 ||| ACQUIRING amulet of regeneration
  1869 | D:2      | Acquired an amulet of regeneration
  1871 | D:2      | 1871 ||| UPGRADING to amulet of regeneration.
  1876 | D:2      | 1876 ||| READING scroll labelled YLEAXE EMASKIYDD.
  1877 | D:2      | 1877 ||| DRINKING 2 inky potions.
  1941 | D:3      | 1941 ||| DROPPING +0 club.
  2013 | D:3      | Identified the +0 pair of boots "Divonoah" {rPois rN+
                  | Dex+4}
  2502 | D:3      | Reached XP level 5. HP: 32/32 MP: 5/5
  2580 | D:3      | Found a hazy altar of Hepliaklqana.
  2595 | D:3      | 2595 ||| UPGRADING to +0 pair of boots "Divonoah" {rPois
                  | rN+ Dex+4}.
  2605 | D:3      | 2605 ||| DROPPING +0 pair of boots.
  2606 | D:3      | 2606 ||| READING scroll labelled AKODITO SEETS.
  2607 | D:3      | 2607 ||| READING 2 scrolls labelled UNO SUUTUZENYI.
  2612 | D:3      | 2612 ||| READING scroll labelled QEASUI TIPRY.
  2613 | D:3      | 2613 ||| DRINKING 3 glowing orange potions.
  2613 | D:3      | Gained mutation: Your mind is acute. (Int +4, Str/Dex -1)
                  | [potion of mutation]
  2613 | D:3      | Gained mutation: You occasionally lose the ability to drink
                  | potions when taking damage. [potion of mutation]
  2613 | D:3      | Gained mutation: You have very sharp teeth. [potion of
                  | mutation]
  2613 | D:3      | Gained mutation: Your mind is very acute. (Int +8, Str/Dex
                  | -2) [potion of mutation]
  2614 | D:3      | 2614 ||| DRINKING 2 potions of mutation.
  2614 | D:3      | Lost mutation: You have very sharp teeth. [potion of
                  | mutation]
  2614 | D:3      | Lost mutation: You occasionally lose the ability to drink
                  | potions when taking damage. [potion of mutation]
  2614 | D:3      | Gained mutation: You are partially covered in iridescent
                  | scales. (AC +2) [potion of mutation]
  2614 | D:3      | Gained mutation: You have large cloven feet. [potion of
                  | mutation]
  2614 | D:3      | Gained mutation: You are agile. (Dex +4, Str/Int -1)
                  | [potion of mutation]
  2717 | D:4      | Found a burning altar of Makhleb.
  2741 | D:4      | 2741 ||| READING 2 scrolls of identify.
  2741 | D:4      | 2741 ||| IDENTIFYING cyan potion
  2758 | D:4      | Reached skill level 1 in Dodging
  2785 | D:4      | 2785 ||| Stepping ~*~*~tactically~*~*~ (hiding).
  2789 | D:4      | 2789 ||| Stepping ~*~*~tactically~*~*~ (stealth).
  2802 | D:4      | HP: 1/32 [orc priest/divine providence (13)]
  2803 | D:4      | 2803 ||| READING scroll of teleportation.
  2803 | D:4      | Killed from afar by an orc priest

Levels and vault maps discovered:
D:1:      spicycebolla_arrival_risky_transporter, layout_basic,
          minmay_misc_feat_square, kennysheep_doodads
D:2:      layout_loops_ring, nrook_loot_triangle, minmay_close_crescents
D:3:      layout_basic, mainiacjoe_overflow_alcove_2
D:4:      cheibrodos_greedy_goblins, layout_gridville,
          mainiacjoe_overflow_alcove_4, amcnicky_altar_gilded,
          kennysheep_generic_room_11

Skill      XL: |  1  2  3  4  5 |
---------------+----------------+-----
Axes           | 2 3 4 |  4.7
Dodging        | 1 |  1.5
Fighting       | |  3.2
Armour         | |  3.2
Shields        | |  3.2

Action                     |  1- 3 |  4- 6 || total
---------------------------+-------+-------++-------
  Melee: War axe           |   111 |   122 ||   233
  Throw: Boomerang         |    14 |    14 ||    28
    Use: Scroll            |     4 |     9 ||    13
         Potion            |     1 |     3 ||     4
 Armour: Scale mail        |    32 |       ||    32
         Ring mail         |    14 |    38 ||    52
  Dodge: Dodged            |    43 |    57 ||   100
  Block: Buckler           |    17 |    32 ||    49

Table legend:
 A = Non-vault XP
 B = Vault XP
 C = Vault XP percentage of total XP
 D = Non-vault monster count
 E = Vault monster count
 F = Vault count percentage of total count
                 A         B        C        D         E       F
            +---------+---------+-------+---------+---------+-------
      Total |     228 |      32 |  12.3 |      67 |      16 |  19.3
            +---------+---------+-------+---------+---------+-------
        D:1 |      32 |       0 |   0.0 |      13 |       0 |   0.0
        D:2 |      75 |      10 |  11.8 |      20 |       5 |  20.0
        D:3 |      59 |       0 |   0.0 |      25 |       0 |   0.0
        D:4 |      62 |      22 |  26.2 |       9 |      11 |  55.0
            +---------+---------+-------+---------+---------+-------
